 Dungeon Crawl Stone Soup version 0.19.5 (webtiles) character file.

157 JeffiDaFish the Digger (level 5, -1/28 HPs)
             Began as a Gargoyle Earth Elementalist on Mar 31, 2018.
             Slain by Frezen's ghost (2 damage)
             ... on level 3 of the Dungeon.
             The game lasted 00:11:41 (4339 turns).

JeffiDaFish the Digger (GrEE)                       Turns: 4339, Time: 00:11:41

Health: -1/28      AC:  8    Str: 14    XL:     5   Next: 38%
Magic:  1/10       EV: 12    Int: 14    God:
Gold:   202        SH:  0    Dex: 13    Spells: 3 memorised, 2 levels left

rFire  + . .     SeeInvis +     i - +1 whip (flame)
rCold  . . .     Gourm    .     c - +0 robe
rNeg   + . .     Faith    .     (no shield)
rPois  ∞         Spirit   .     p - +0 helmet {SInv}
rElec  +         Reflect  .     j - +0 cloak
rCorr  .         Harm     .     (no gloves)
MR     .....                    (no boots)
Stlth  ++........               (no amulet)
                                h - +3 ring of dexterity
                                a - ring of see invisible

@: very slightly contaminated
A: dopey 1, fire resistance 1, negative energy resistance 1, electricity
resistance, strong 1, unbreathing, petrification resistance, rot immunity, AC +4
a: no special abilities


You were on level 3 of the Dungeon.
You were very hungry.

You visited 1 branch of the dungeon, and saw 3 of its levels.

You collected 202 gold pieces.

Inventory:

Hand Weapons
 i - a +1 whip of flaming (weapon)
Missiles
 b - 127 stones
 n - 2 javelins (quivered)
Armour
 c - a +0 robe (worn)
 j - a +0 cloak (worn)
 p - a +0 helmet of see invisible (worn)
Jewellery
 a - a ring of see invisible (left hand)
 h - a +3 ring of dexterity (right hand)
 l - an uncursed ring of flight
Scrolls
 m - 2 scrolls of amnesia
 o - 2 scrolls of identify
 s - 2 scrolls of teleportation
 t - 3 scrolls of remove curse
Potions
 g - a potion of curing
 q - a potion of heal wounds
Books
 e - a book of Geomancy

   Spells                             Type                      Level
   a - Sandblast                      Earth                        1
   b - Passwall                       Transmutation/Earth          2
   c - Stone Arrow                    Conjuration/Earth            3
   d - Petrify                        Transmutation/Earth          4
   e - Lee's Rapid Deconstruction     Earth                        5
Comestibles
 d - a bread ration
 f - 2 meat rations
 k - a beef jerky
 u - 3 fruits


   Skills:
 - Level 1.5 Dodging
 - Level 2.1 Stealth
 + Level 3.8 Spellcasting
   Level 0.7 Transmutations
 + Level 5.5 Earth Magic


You had 2 spell levels left.
You knew the following spells:

 Your Spells              Type           Power        Failure   Level  Hunger
a - Sandblast             Erth           ###...       2%          1    None
b - Stone Arrow           Conj/Erth      ##....       21%         3    ###....
c - Lee's Rapid Deconstr  Erth           ###.......   71%         5    ######.


Dungeon Overview and Level Annotations

Branches:
Dungeon (3/15)

Altars:
Nemelex Xobeh

Annotations:
D:3 Frezen's ghost, amateur MiFi


Innate Abilities, Weirdness & Mutations

You are resistant to torment.
Your stone body is resilient. (AC +4)
You are immune to poison.
You resist negative energy. (rN+)
You are resistant to electric shocks. (rElec)
You can survive without breathing.
You are immune to petrification.
You are immune to rotting.
You are dopey. (Int -2)
Your flesh is heat resistant. (rF+)
Your muscles are strong. (Str +2)


Message History

Frezen's ghost hits you but does no damage.
You hit Frezen's ghost but do no damage.
Frezen's ghost is heavily damaged.
Frezen's ghost hits you but does no damage.
You hit Frezen's ghost. You burn Frezen's ghost.
Frezen's ghost is heavily damaged.
Frezen's ghost closely misses you.
You hit Frezen's ghost but do no damage.
Frezen's ghost is heavily damaged.
Frezen's ghost hits you.
* * * LOW HITPOINT WARNING * * *
Casting: Sandblast
Confirm with . or Enter, or press ? or * to list all spells.
Aiming: Sandblast
Press: ? - help, Shift-Dir - straight line, f/p - Frezen's ghost
Aim: Frezen's ghost (heavily damaged)
The blast of sand hits Frezen's ghost.
Frezen's ghost is heavily damaged.
Frezen's ghost hits you.
You die...

#..#.##..#####..###
#.# # #........#
#..# ###.### #
#.##.##..# #..#
#.....# #
#.##.##..#
#..###.....#######
#........###
#.................
####.##....#
#.####.....#######
#.##.##.# #.#
#.........#
#.##.##.# #.#
#########.#
#.##.##.###@# #.#
#.##......W.# #.#
#...........# #.#
#######.###.# #.#
#[# #.# #.### ##.#
#.# #.... #..# #.#
##... #.## #.# #.##
#.# #.# #.#


You could see Frezen's ghost.

Vanquished Creatures
  3 gnolls (D:3)
  4 adders (D:2)
  An ooze (D:3)
  3 worms
  2 dart slugs
  A leopard gecko (D:2)
  7 orcs (D:3)
  A ball python (D:2)
  3 bats
  2 giant cockroaches
  6 goblins
  4 hobgoblins
  10 jackals
  9 kobolds
  A quokka (D:1)
  2 frilled lizards (D:2)
  8 rats
67 creatures vanquished.

Vanquished Creatures (others)
  A jackal (D:1)
1 creature vanquished.

Grand Total: 68 creatures vanquished

Notes
Turn   | Place    | Note
-------+----------+-------------------------------------------
     0 | D:1      | JeffiDaFish the Gargoyle Earth Elementalist began the quest for the Orb.
     0 | D:1      | Reached XP level 1. HP: 10/10 MP: 3/3
   334 | D:1      | Reached skill level 4 in Earth Magic
   334 | D:1      | Reached XP level 2. HP: 9/15 MP: 5/5
   991 | D:1      | Reached XP level 3. HP: 18/19 MP: 6/6
  1255 | D:2      | Learned a level 3 spell: Stone Arrow
  1779 | D:2      | Reached XP level 4. HP: 24/24 MP: 2/8
  2291 | D:2      | Reached skill level 5 in Earth Magic
  2575 | D:2      | Found a sparkling altar of Nemelex Xobeh.
  2824 | D:3      | Noticed Frezen's ghost (amateur MiFi)
  3011 | D:3      | HP: 1/24 [Frezen's ghost (3)]
  3492 | D:3      | Reached XP level 5. HP: 26/28 MP: 10/10
  3928 | D:3      | Gained mutation: You are dopey. (Int -2) [potion of mutation]
  3928 | D:3      | Gained mutation: Your muscles are strong. (Str +2) [potion of mutation]
  3928 | D:3      | Gained mutation: Your flesh is heat resistant. (rF+) [potion of mutation]
  4137 | D:2      | Learned a level 5 spell: Lee's Rapid Deconstruction
  4338 | D:3      | HP: 1/28 [Frezen's ghost (3)]
  4339 | D:3      | Slain by Frezen's ghost

Skill      XL: |  1  2  3  4 |
---------------+-------------+-----
Earth Magic    | 4 5 |  5.5
Spellcasting   | 3 |  3.8
Dodging        | |  1.5
Stealth        | |  2.1
Transmutations | |  0.7

Action                   |  1- 3 |  4- 6 || total
-------------------------+-------+-------++-------
Melee: Short sword       |    36 |       ||    36
       Unarmed           |     2 |       ||     2
       Whip              |    30 |   157 ||   187
 Cast: Sandblast         |    33 |    18 ||    51
       Stone Arrow       |     3 |    15 ||    18
  Use: Potion            |     3 |     2 ||     5
       Scroll            |     6 |     5 ||    11
 Stab: Sleeping          |     3 |     2 ||     5
  Eat: Chunk             |     3 |     5 ||     8
       Bread ration      |       |     1 ||     1
Armor: Robe              |    31 |    57 ||    88
Dodge: Dodged            |    47 |    75 ||   122
